 Seeded DCSS version 0.31-a0-544-gceb718ecc6 (webtiles) character file.

Game seed: 3826825538972431165 (custom seed)

19 innerfire43 the Trooper (level 2, 24/24 HPs)
             Began as a Demonspawn Monk on Aug 15, 2023.
             Got out of the dungeon alive.
             The game lasted 00:00:54 (506 turns).

innerfire43 the Trooper (Demonspawn Monk)            Turns: 506, Time: 00:00:55

Health: 24/24      AC:  2    Str: 11    XL:     2   Next: 55%
Magic:  2/2        EV: 13    Int: 11    God:
Gold:   70         SH:  4    Dex: 15    Spells: 1/1 levels left

rFire   . . .        a - +0 spear
rCold   . . .        d - orb {light}
rNeg    . . .        b - +0 robe
rPois   .            (no helmet)
rElec   .            (no cloak)
rCorr   .            (no gloves)
SInv    .            (no boots)
Will    .....        e - amulet of regeneration
Stlth   +            (no ring)
HPRegen 1.04/turn    (no ring)
MPRegen 0.08/turn

%: no passive effects
@: glowing
A: condensation shield
a: no special abilities


You escaped.
You visited 1 branch of the dungeon, and saw 1 of its levels.

You collected 70 gold pieces.

Inventory:

Hand Weapons
 a - a +0 spear (weapon)
Armour
 b - a +0 robe (worn)
 d - an orb of light (worn)
Jewellery
 e - an amulet of regeneration (around neck)
Scrolls
 f - 2 scrolls of vulnerability {unknown}
 g - a scroll of amnesia {unknown}
 h - a scroll of brand weapon {unknown}
Potions
 c - a potion of ambrosia
 i - a potion of mutation {unknown}


   Skills:
 + Level 3.3 Fighting
 + Level 3.0 Polearms
 + Level 3.0 Dodging


You had one spell level left.
You didn't know any spells.
Your spell library was empty.

Dungeon Overview and Level Annotations

Branches:
Dungeon (1/15)

Altars:


Innate Abilities, Weirdness & Mutations

A meltable shield of frost defends you. (SH +4)


Message History

You reach to attack!
You completely miss the giant cockroach.
You hit the giant cockroach.
The giant cockroach is moderately wounded.
The giant cockroach closely misses you.
There are monsters nearby!
There are monsters nearby!
You hit the giant cockroach but do no damage.
The giant cockroach is moderately wounded.
The giant cockroach barely misses you.
There are monsters nearby!
You hit the giant cockroach.
The giant cockroach is heavily wounded.
The giant cockroach bites you.
You hit the giant cockroach.
You kill the giant cockroach!
The ball python barely misses you. The ball python grabs you.
The ball python constricts you.
A ball python is nearby!
You barely miss the ball python. The ball python bites you.
The ball python constricts you.
A ball python is nearby!
You hit the ball python.
The ball python is heavily wounded.
You block the ball python's attack. The ball python constricts you.
A ball python is nearby!
You hit the ball python.
You kill the ball python!
h - a scroll labelled NEOTRI ULAW No target in view!
i - a sedimented ruby potion No target in view!
No target in view!
You see here 9 stones.
You open the door.
There is an open door here.
No target in view!
There is a staircase leading out of the dungeon here.
Alright, then stay!
You have escaped!

#.P.PPP........PP.PPPPP.P#.#.#
####[PP.P...PP†....PP.PPP.PP..#.#
.....PPP.PP.PP..P..PP.PP.PPP..#.#
.....PPPP.....PPPPP.....PPPP#.#.#
.....PP..P..P.......P.PP.PPP..#.#
.....P.......PP....PP.PPP.PP#.#.#
..##.P.PPPP..PP...PP.PPPPP.P#.#.#
..##.P.PPPPP...P..P.PPPPPP.P#.#.#
..##.P.PPPPPPP..@..PPPPPPP.P#.#.#


..##.P.PPPPPPPPP..PPPPPPPP.P#.#.# ..##.P.PPPPPPPP...PPPPPPPP.P#....
..##.PP.PPPPPPP.......PPP.PP###.# ..##.PPP.PPPPP...P....PP.PPP##..#
####.PPP......PP.P......PPPP...## .....PPP....PPPPPP.PP.PPPPPP#..#
####.......................#...# #########...#####.........### There were no
monsters in sight!

Vanquished Creatures
  A dart slug (D:1)
  3 endoplasms (D:1)
  A giant cockroach (D:1)
  2 goblins (D:1)
  A kobold (D:1)
  2 ball pythons (D:1)
  2 bats (D:1)
  A frilled lizard (D:1)
  3 rats (D:1)
16 creatures vanquished.

Notes
Turn   | Place    | Note
-------+----------+-------------------------------------------
     0 | D:1      | innerfire43 the Demonspawn Monk began the quest for the
                  | Orb.
     0 | D:1      | Reached XP level 1. HP: 18/18 MP: 1/1
   156 | D:1      | Gained mutation: A meltable shield of frost defends you.
                  | (SH +4) [demonic ancestry]
   156 | D:1      | Reached XP level 2. HP: 14/24 MP: 2/2
   167 | D:1      | Identified a scroll of acquirement
   167 | D:1      | Acquired an amulet of regeneration
   506 | D:$      | Got out of the dungeon alive.

Illustrated notes

Levels and vault maps discovered:
D:1:      roderic_crop_circles_arrival_large, layout_basic

Skill      XL: |  1  2 |
---------------+-------+-----
Polearms       | 3 |  3.0
Dodging        | 3 |  3.0
Fighting       | |  3.3

Action                     || total
---------------------------++-------
  Melee: Spear             ||    52
    Use: Scroll            ||     1
  Dodge: Dodged            ||    26
  Block: Orb               ||     3

Table legend: (Time is in decaauts)
 A = Elapsed time spent in this place.
 B = Non-inter-level travel time spent in this place.
 C = Inter-level travel time spent in this place.
 D = Time resting spent in this place.
 E = Time spent auto-exploring this place.
 F = Levels seen in this place.
 G = Mean time per level.
                   A        B        C        D        E       F      G
               +--------+--------+--------+--------+--------+-----+--------+
         Total |    503 |    458 |     45 |      0 |    354 |   1 |  503.0 |
       Dungeon |    503 |    458 |     45 |      0 |    354 |   1 |  503.0 |
               +--------+--------+--------+--------+--------+-----+--------+

Top non-repeatable levels by time:
     D:1: 503 daAuts
